 Dungeon Crawl Stone Soup version 0.19.0-2-gae57169 (webtiles) character file.

11098 Ijustatesigmund the Slicer (level 12, -11/84 HPs)
             Began as a Halfling Fighter on Nov 3, 2016.
             Was a High Priest of Cheibriados.
             Killed from afar by a fire dragon (51 damage)
             ... with a blast of flame
             ... on level 8 of the Dungeon.
             The game lasted 00:45:46 (11272 turns).

Ijustatesigmund the Slicer (Halfling Fighter)      Turns: 11272, Time: 00:45:46

Health: -11/84     AC: 20    Str: 31    XL:     12   Next: 3%
Magic:  18/18      EV: 21    Int: 21    God:    Cheibriados [*****.]
Gold:   575        SH: 16    Dex: 32    Spells: 0 memorised, 11 levels left

rFire  . . .     SeeInvis .     a - +0 rapier
rCold  . . .     Gourm    .     q - +1 chain mail
rNeg   . . .     Faith    .     c - +1 shield
rPois  .         Spirit   .     (no helmet)
rElec  .         Reflect  .     d - +1 cloak
rCorr  +         Harm     .     k - +2 pair of gloves
MR     .....                    v - +2 pair of boots
Stlth  ..........               (no amulet)
                                m - +3 ring of evasion
                                h - ring of resist corrosion

@: very slow
A: mutation resistance 1
a: Bend Time, Temporal Distortion, Slouch, Step From Time, Renounce Religion


You were on level 8 of the Dungeon.
You worshipped Cheibriados.
Cheibriados was extremely pleased with you.
You were not hungry.

You visited 2 branches of the dungeon, and saw 12 of its levels.
You also visited: Ossuary.

You collected 635 gold pieces.
You spent 60 gold pieces at shops.

Inventory:

Hand Weapons
 a - a +0 rapier (weapon)
 t - a +0 short sword of draining
Armour
 c - a +1 shield (worn)
 d - a +1 cloak (worn)
 k - a +2 pair of gloves (worn)
 q - a +1 chain mail (worn)
 v - a +2 pair of boots (worn)
Jewellery
 h - a ring of resist corrosion (left hand)
 m - a +3 ring of evasion (right hand)
 r - an uncursed ring of ice
Wands
 s - a wand of flame (25/48)
 G - a wand of teleportation (1/9)
 H - a wand of acid (5/15)
Scrolls
 b - 2 scrolls of remove curse
 i - a scroll of recharging
 u - 3 scrolls of amnesia
 w - a scroll of fog
 x - 3 scrolls of teleportation
Potions
 e - 2 potions of lignification
 l - 3 potions of curing
 o - 2 potions of magic
 z - a potion of agility
 A - 2 potions of brilliance
Comestibles
 f - 4 bread rations
 g - 9 slices of pizza
 j - 4 meat rations
 n - 3 beef jerkies
 p - 15 royal jellies


   Skills:
 + Level 8.8 Fighting
 - Level 9.8 Short Blades
 + Level 7.3 Armour
 - Level 7.5 Dodging
 - Level 8.1 Shields
 + Level 8.5 Invocations


You had 11 spell levels left.
You didn't know any spells.

Dungeon Overview and Level Annotations

Branches:
Dungeon (11/15)            Temple (1/1) D:6            Lair (0/6) D:10
    Orc: D:9-12

Altars:
Ashenzari
Cheibriados
Dithmenos
Elyvilon
Fedhas
Gozag
Hepliaklqana
Kikubaaqudgha
Makhleb
Nemelex Xobeh
Okawaru
Qazlal
Ru
Sif Muna
Trog
Uskayaw
Vehumet
Xom
Yredelemnul
Zin
The Shining One

Shops:
D:4 [   D:8 *   D:10 [

Annotations:
D:10 Harold


Innate Abilities, Weirdness & Mutations

You are small and have problems with some larger weapons.
You are somewhat resistant to further mutation.


Message History

You hit the fire dragon but do no damage.
The fire dragon is heavily wounded.
The fire dragon bites you! The fire dragon completely misses you.
The fire dragon tramples you but does no damage.
You puncture the fire dragon!
The fire dragon is heavily wounded.
You block the fire dragon's attack. x2; The fire dragon completely misses you.
You hit the fire dragon but do no damage.
The fire dragon is heavily wounded.
You hit the fire dragon but do no damage.
The fire dragon is heavily wounded.
The fire dragon completely misses you.
The fire dragon claws you but does no damage.
You block the fire dragon's attack.
You puncture the fire dragon!
The fire dragon is heavily wounded.
The fire dragon breathes flames at you. The blast of flame hits you!
Ouch! That really hurt!
You die...

#.#
...###.#.##
...#..#..#
...:..#..# #
..... #..# #.
##... #[.#
#..#...# #..#
#...D.# #..#
### #@#####..#
...#.....#..##
#.#####.#...#
#...#...#.#.#
###.#.###.#.#
#.....# #.#.#
###)#.###
#.#.# #...#...
#...#
#.#####.#
#...#


You could see a fire dragon.

Vanquished Creatures
  A yaktaur captain (D:8)
  A hill giant (D:8)
  The ghost of kraktruk the Cudgeler, a novice GrGl (D:5)
  A queen bee (D:10)
  2 trolls
  A two-headed ogre (D:9)
  A hornet (D:6)
  A hippogriff (D:10)
  A shadow (D:11)
  A spriggan (D:8)
  6 yaks
  A vampire (D:10)
  A wyvern (D:8)
  A steam dragon (D:8)
  2 wargs (D:10)
  A water moccasin (D:11)
  3 ice beasts
  4 sky beasts
  5 orc warriors
  A black bear (D:8)
  2 necrophages
  6 ogres
  2 phantoms
  2 centaurs
  A big kobold (D:7)
  2 bullfrogs
  3 water moccasin zombies (Ossuary)
  A wyvern skeleton (D:10)
  2 scorpions
  34 killer bees
  10 crimson imps
  3 howler monkeys
  A centaur zombie (D:6)
  2 bullfrog zombies
  5 hounds
  4 jellies
  9 orc priests
  A gnoll shaman (D:8)
  2 centaur skeletons (D:4)
  An iguana (D:6)
  13 orc wizards
  10 worker ants
  A killer bee zombie (D:7)
  4 big kobold zombies (Ossuary)
  2 hound zombies (D:10)
  2 mummies (Ossuary)
  2 worker ant zombies
  4 gnolls (D:6)
  9 adders
  A shadow imp (D:7)
  An ooze (D:1)
  An adder skeleton (D:9)
  5 adder zombies
  6 worms
  4 dart slugs
  6 leopard geckos
  40 orcs
  3 giant cockroaches
  5 gnoll zombies (Ossuary)
  7 goblins
  8 hobgoblins
  14 jackals
  8 quokkas
  2 ball pythons
  7 bats
  5 frilled lizards
  6 hobgoblin zombies (Ossuary)
  2 jackal skeletons
  18 kobolds
  10 kobold zombies (Ossuary)
  4 orc zombies (Ossuary)
  A quokka skeleton (D:4)
  8 rats
348 creatures vanquished.

Notes
Turn   | Place    | Note
-------+----------+-------------------------------------------
     0 | D:1      | Ijustatesigmund the Halfling Fighter began the quest for the Orb.
     0 | D:1      | Reached XP level 1. HP: 15/15 MP: 1/1
   119 | D:1      | Reached skill level 3 in Short Blades
   146 | D:1      | Reached XP level 2. HP: 20/20 MP: 2/2
   267 | D:1      | Reached XP level 3. HP: 22/25 MP: 3/3
   277 | D:1      | Reached skill level 4 in Short Blades
  1305 | D:2      | Reached XP level 4. HP: 21/30 MP: 4/4
  1447 | D:2      | Reached skill level 5 in Short Blades
  1522 | D:2      | Found an iron altar of Okawaru.
  1813 | D:3      | Noticed a centaur
  1823 | D:3      | Killed a centaur
  1823 | D:3      | Reached skill level 1 in Dodging
  1823 | D:3      | Reached XP level 5. HP: 10/36 MP: 5/5
  2194 | D:3      | Reached XP level 6. HP: 34/42 MP: 6/6
  3077 | D:4      | Found a shadowy altar of Dithmenos.
  3116 | D:4      | Found Lazanun's Armour Emporium.
  3185 | D:4      | Reached XP level 7. HP: 32/47 MP: 7/7
  3472 | D:4      | Found a faded altar of an unknown god.
  3472 | D:4      | Found a faded altar of an unknown god.
  3477 | D:4      | Found a faded altar of an unknown god.
  3479 | D:4      | Found a hazy altar of Hepliaklqana.
  3480 | D:4      | Found a faded altar of an unknown god.
  3531 | D:5      | Entered Level 5 of the Dungeon
  3534 | D:5      | Noticed kraktruk's ghost (novice GrGl)
  3816 | D:4      | Reached skill level 5 in Armour
  3816 | D:4      | Reached skill level 5 in Shields
  4162 | D:7      | Reached XP level 8. HP: 34/54 MP: 8/8
  4186 | D:7      | Found a sand-covered staircase.
  4194 | Ossuary  | Entered an ossuary
  4561 | Ossuary  | Reached skill level 6 in Short Blades
  5273 | D:6      | Noticed a hornet
  5309 | D:6      | Killed a hornet
  5309 | D:6      | Reached skill level 7 in Short Blades
  5309 | D:6      | Reached skill level 5 in Dodging
  5309 | D:6      | Reached XP level 9. HP: 42/59 MP: 9/9
  5465 | D:6      | Found a staircase to the Ecumenical Temple.
  5694 | D:6      | Reached skill level 8 in Short Blades
  6383 | Temple   | Entered the Ecumenical Temple
  6607 | Temple   | Became a worshipper of Cheibriados the Contemplative
  6712 | D:5      | Reached skill level 9 in Short Blades
  6850 | D:5      | Killed kraktruk's ghost
  7272 | D:7      | Reached * piety under Cheibriados
  7361 | D:7      | Reached XP level 10. HP: 65/65 MP: 10/10
  7368 | D:7      | Reached skill level 1 in Invocations
  7379 | D:7      | Reached skill level 5 in Fighting
  7491 | D:7      | Reached ** piety under Cheibriados
  8110 | D:8      | Found Miett's General Store.
  8118 | D:8      | Bought a scroll of identify for 30 gold pieces
  8118 | D:8      | Bought a scroll of identify for 30 gold pieces
  8125 | D:8      | Found a radiant altar of Vehumet.
  8299 | D:8      | Reached *** piety under Cheibriados
  8450 | D:8      | Reached skill level 5 in Invocations
  8527 | D:8      | Noticed a yaktaur captain
  8557 | D:8      | Killed a yaktaur captain
  8646 | D:8      | Noticed a red ugly thing
  8913 | D:8      | Reached XP level 11. HP: 38/75 MP: 15/15
  9460 | D:9      | Reached **** piety under Cheibriados
  9817 | D:9      | You fall through a shaft for 2 floors!
  9948 | D:11     | Noticed a manticore
  9950 | D:10     | Entered Level 10 of the Dungeon
  9950 | D:10     | Noticed Harold
  9976 | D:10     | Noticed a cyclops
  9981 | D:10     | Found a staircase to the Lair.
 10020 | D:10     | Reached ***** piety under Cheibriados
 10581 | D:10     | Found Epetar's Antique Armour Shop.
 11230 | D:8      | Noticed a hill giant
 11246 | D:8      | Killed a hill giant
 11246 | D:8      | Reached XP level 12. HP: 76/84 MP: 18/18
 11256 | D:8      | Noticed a fire dragon
 11272 | D:8      | Killed from afar by a fire dragon

Skill      XL: |  1  2  3  4  5  6  7  8  9 10 11 |
---------------+----------------------------------+-----
Short Blades   | 3 4 5 7 9 |  9.8
Fighting       | 3 4 7 8 |  8.8
Dodging        | 1 5 7 |  7.5
Armour         | 4 5 7 |  7.3
Shields        | 4 5 6 8 |  8.1
Invocations    | 6 8 |  8.5

Action                   |  1- 3 |  4- 6 |  7- 9 | 10-12 || total
-------------------------+-------+-------+-------+-------++-------
Melee: Rapier            |   125 |   238 |   880 |   929 ||  2172
Invok: Slouch            |       |       |       |     1 ||     1
Evoke: Wand              |       |       |     1 |    10 ||    11
  Use: Scroll            |     2 |     7 |     6 |    10 ||    25
       Potion            |     1 |     3 |     7 |     9 ||    20
  Eat: Chunk             |     1 |     5 |     4 |     2 ||    12
       Beef jerky        |       |     1 |       |     1 ||     2
       Royal jelly       |       |       |     2 |       ||     2
       Fruit             |       |       |     9 |       ||     9
       Pizza             |       |       |       |     1 ||     1
       Meat ration       |       |       |       |     1 ||     1
Armor: Scale mail        |    58 |    42 |       |       ||   100
       Chain mail        |       |    30 |   265 |   153 ||   448
Dodge: Dodged            |    23 |    61 |   305 |   443 ||   832
Block: Shield            |    60 |    93 |   431 |   566 ||  1150
